[ AOE2 MATCH · #479138414 ]
UnrankedEthiopians vs Portuguese
Player's team · LOSS
[ REPLAY ANALYSIS · EXTRACTED FROM THE RECORDED GAME ]
Feudal
9:21
Castle
—
Imperial
—
| APM avg | 51.0 |
| APM peak | 78 |
| eAPM avg | 18.0 |
| Villagers / military | 42 / 23 |
Focus
⚔️ 40.9% · 🌾 59.1%
Archer ×21 · Spearman ×2
Feudal
8:58
Castle
—
Imperial
—
| APM avg | 58.8 |
| APM peak | 74 |
| eAPM avg | 19.3 |
| Villagers / military | 46 / 29 |
Focus
⚔️ 26.1% · 🌾 73.9%
Scout Cavalry ×29
Feudal
10:35
Castle
14:17
Imperial
—
| APM avg | 49.4 |
| APM peak | 110 |
| eAPM avg | 20.7 |
| Villagers / military | 26 / 16 |
Focus
⚔️ 40.7% · 🌾 59.3%
Organ Gun ×16
Feudal
8:40
Castle
—
Imperial
—
| APM avg | 54.2 |
| APM peak | 87 |
| eAPM avg | 20.3 |
| Villagers / military | 38 / 33 |
Focus
⚔️ 56.3% · 🌾 43.7%
Archer ×33
Feudal
9:18
Castle
—
Imperial
—
| APM avg | 54.3 |
| APM peak | 93 |
| eAPM avg | 20.1 |
| Villagers / military | 46 / 37 |
Focus
⚔️ 28.6% · 🌾 71.4%
Archer ×36 · Skirmisher ×1
Feudal
8:28
Castle
—
Imperial
—
| APM avg | 59.2 |
| APM peak | 89 |
| eAPM avg | 19.4 |
| Villagers / military | 43 / 18 |
Focus
⚔️ 48.5% · 🌾 51.5%
Scout Cavalry ×18
Feudal
9:31
Castle
—
Imperial
—
| APM avg | 36.9 |
| APM peak | 54 |
| eAPM avg | 17.3 |
| Villagers / military | 42 / 15 |
Focus
⚔️ 43.9% · 🌾 56.1%
Scout Cavalry ×15
Feudal
8:27
Castle
—
Imperial
—
| APM avg | 61.6 |
| APM peak | 139 |
| eAPM avg | 23.6 |
| Villagers / military | 43 / 27 |
Focus
⚔️ 60.3% · 🌾 39.7%
Scout Cavalry ×27
Match map
Initial resources + every placement click. Lines = walls · curves = elevation contours. ◆ gold · ⬟ stone · ● berries · ✦ relic · ◌ wall gap
Your base· Open — unwalled flank
eloysuarez93's base· Open — unwalled flank
DS_Regg's base· Open — 6t gap
DS_RJP's base· Open — 4t gap
MAXIMO MERIDIO's base· Open — unwalled flank
DS_TheHeartless's base· ✓ Closed at 20:02 · 54t walls · no gate
llllllllllllllll's base· Open — 9t gap
DS_Erick307's base· Open — unwalled flank
Smoothed initial terrain · ◌ = detected wall gap · hover for details
Inputs per minute
— FrNkyboy - - eloysuarez93
Build order — FrNkyboy
120 actions detected in the replay
| 0:03 | Create | Villager (Male) |
| 0:04 | Build | House |
| 0:06 | Build | House |
| 0:13 | Create | Villager (Male) |
| 0:14 | Create | Villager (Male) |
| 0:18 | Create | Villager (Male) |
| 1:28 | Create | Villager (Male) |
| 1:50 | Build | Lumber Camp |
| 1:59 | Create | Villager (Male) |
| 2:19 | Create | Villager (Male) |
| 2:49 | Create | Villager (Male) |
| 3:00 | Build | House |
| 3:19 | Create | Villager (Male) |
| 3:49 | Create | Villager (Male) |
| 4:05 | Create | Villager (Male) |
| 4:05 | Create | Villager (Male) |
| 4:27 | Create | Villager (Male) |
| 4:42 | Create | Villager (Male) |
| 4:42 | Create | Villager (Male) |
| 5:11 | Build | Palisade Wall |
| 5:29 | Create | Villager (Male) |
| 5:36 | Build | House |
| 5:38 | Create | Villager (Male) |
| 5:41 | Build | Mill |
| 5:49 | Create | Villager (Male) |
| 6:15 | Build | Palisade Wall |
| 6:35 | Research | Loom |
| 6:45 | Build | Palisade Wall |
| 7:11 | Research | Feudal Age |
| 7:22 | Build | Barracks |
| 8:32 | Build | Palisade Wall |
| 8:48 | Build | House |
| 9:01 | Build | Palisade Wall |
| 9:03 | Build | Palisade Wall |
| 9:04 | Build | Palisade Wall |
| 9:21 | Age | Feudal Age |
| 9:23 | Create | Spearman |
| 9:25 | Build | Archery Range |
| 9:28 | Create | Villager (Male) |
| 9:32 | Research | Double-Bit Axe |
| 9:44 | Build | Archery Range |
| 9:47 | Build | Palisade Wall |
| 9:50 | Create | Villager (Male) |
| 10:03 | Build | House |
| 10:04 | Build | Palisade Wall |
| 10:05 | Create | Villager (Male) |
| 10:33 | Create | Villager (Male) |
| 10:39 | Build | Mining Camp |
| 10:39 | Create | Archer |
| 10:53 | Create | Archer |
| 11:00 | Create | Villager (Male) |
| 11:01 | Create | Archer |
| 11:16 | Build | Palisade Wall |
| 11:18 | Create | Archer |
| 11:19 | Create | Villager (Male) |
| 11:29 | Create | Spearman |
| 11:43 | Create | Villager (Male) |
| 11:53 | Create | Archer |
| 11:55 | Create | Villager (Male) |
| 12:04 | Create | Villager (Male) |
| 12:08 | Build | House |
| 12:10 | Create | Villager (Male) |
| 12:22 | Build | Blacksmith |
| 12:24 | Build | Farm |
| 12:34 | Create | Archer |
| 12:50 | Create | Villager (Male) |
| 12:53 | Create | Archer |
| 12:55 | Create | Villager (Male) |
| 12:59 | Build | Farm |
| 13:09 | Create | Archer |
| 13:13 | Build | House |
| 13:21 | Create | Archer |
| 13:41 | Research | Fletching |
| 13:50 | Build | Farm |
| 13:54 | Build | Palisade Wall |
| 13:56 | Build | Palisade Wall |
| 14:01 | Build | Palisade Gate |
| 14:06 | Create | Archer |
| 14:07 | Create | Villager (Male) |
| 14:19 | Create | Villager (Male) |
| 14:22 | Create | Archer |
| 14:34 | Build | Farm |
| 14:46 | Create | Archer |
| 14:51 | Build | House |
| 15:20 | Build | House |
| 15:24 | Research | Wheelbarrow |
| 15:26 | Build | Farm |
| 15:29 | Create | Archer |
| 15:29 | Create | Archer |
| 15:56 | Create | Archer |
| 15:59 | Build | House |
| 16:09 | Create | Villager (Male) |
| 16:09 | Create | Archer |
| 16:16 | Create | Villager (Male) |
| 16:30 | Create | Villager (Male) |
| 16:30 | Create | Archer |
| 16:58 | Create | Archer |
| 16:58 | Create | Archer |
| 17:12 | Build | Farm |
| 17:13 | Build | Farm |
| 17:18 | Create | Villager (Male) |
| 17:24 | Build | House |
| 17:24 | Build | House |
| 17:33 | Build | House |
| 17:34 | Build | House |
| 17:35 | Create | Villager (Male) |
| 17:39 | Create | Villager (Male) |
| 17:44 | Create | Archer |
| 17:44 | Create | Archer |
| 17:48 | Create | Villager (Male) |
| 17:55 | Build | House |
| 17:58 | Build | Palisade Wall |
| 18:00 | Create | Villager (Male) |
| 18:28 | Build | Lumber Camp |
| 19:07 | Build | House |
| 19:31 | Create | Villager (Male) |
| 19:37 | Create | Villager (Male) |
| 19:39 | Build | Farm |
| 19:41 | Build | Farm |
| 19:49 | Build | Lumber Camp |
Build order — eloysuarez93
134 actions detected in the replay
| 0:00 | Create | Villager (Male) |
| 0:02 | Build | House |
| 0:04 | Build | House |
| 0:08 | Create | Villager (Male) |
| 0:09 | Create | Villager (Male) |
| 0:09 | Create | Villager (Male) |
| 1:26 | Create | Villager (Male) |
| 1:53 | Build | Lumber Camp |
| 2:00 | Create | Villager (Male) |
| 2:16 | Create | Villager (Male) |
| 2:46 | Create | Villager (Male) |
| 3:07 | Build | House |
| 3:07 | Build | House |
| 3:11 | Create | Villager (Male) |
| 3:11 | Create | Villager (Male) |
| 3:35 | Create | Villager (Male) |
| 3:59 | Create | Villager (Male) |
| 3:59 | Create | Villager (Male) |
| 4:38 | Create | Villager (Male) |
| 4:52 | Build | Mill |
| 4:56 | Create | Villager (Male) |
| 5:07 | Create | Villager (Male) |
| 5:37 | Create | Villager (Male) |
| 5:57 | Research | Loom |
| 6:48 | Research | Feudal Age |
| 7:37 | Create | Villager (Male) |
| 7:37 | Create | Villager (Male) |
| 7:48 | Build | Barracks |
| 7:55 | Build | House |
| 8:58 | Age | Feudal Age |
| 9:04 | Build | Stable |
| 9:08 | Research | Double-Bit Axe |
| 9:31 | Create | Villager (Male) |
| 9:31 | Create | Villager (Male) |
| 10:01 | Create | Villager (Male) |
| 10:11 | Create | Scout Cavalry |
| 10:24 | Create | Villager (Male) |
| 10:28 | Create | Scout Cavalry |
| 10:50 | Research | Horse Collar |
| 11:01 | Create | Scout Cavalry |
| 11:22 | Create | Villager (Male) |
| 11:27 | Build | House |
| 11:30 | Build | House |
| 11:37 | Create | Villager (Male) |
| 11:56 | Create | Scout Cavalry |
| 11:56 | Create | Villager (Male) |
| 12:01 | Build | Stable |
| 12:04 | Build | House |
| 12:05 | Build | House |
| 12:10 | Create | Villager (Male) |
| 12:12 | Build | Farm |
| 12:14 | Build | Farm |
| 12:16 | Build | Farm |
| 12:26 | Create | Scout Cavalry |
| 12:28 | Create | Villager (Male) |
| 12:30 | Build | Farm |
| 12:35 | Build | Farm |
| 12:57 | Create | Scout Cavalry |
| 12:58 | Create | Villager (Male) |
| 13:02 | Build | Farm |
| 13:04 | Build | Farm |
| 13:16 | Create | Scout Cavalry |
| 13:17 | Create | Villager (Male) |
| 13:20 | Build | Farm |
| 13:22 | Build | Farm |
| 13:27 | Create | Villager (Male) |
| 13:29 | Create | Villager (Male) |
| 13:33 | Build | Palisade Wall |
| 13:45 | Create | Scout Cavalry |
| 13:45 | Create | Scout Cavalry |
| 13:57 | Create | Villager (Male) |
| 14:00 | Build | Farm |
| 14:03 | Build | Farm |
| 14:06 | Build | Farm |
| 14:14 | Create | Scout Cavalry |
| 14:30 | Create | Scout Cavalry |
| 14:34 | Build | Farm |
| 14:35 | Build | Farm |
| 14:51 | Create | Villager (Male) |
| 14:54 | Build | Farm |
| 14:57 | Build | Farm |
| 15:05 | Create | Scout Cavalry ×2 |
| 15:10 | Build | Farm |
| 15:23 | Create | Villager (Male) |
| 15:31 | Create | Villager (Male) |
| 15:35 | Build | Lumber Camp |
| 15:37 | Create | Villager (Male) |
| 15:51 | Create | Scout Cavalry |
| 15:51 | Create | Scout Cavalry |
| 15:57 | Create | Scout Cavalry |
| 15:58 | Create | Scout Cavalry |
| 16:06 | Create | Villager (Male) |
| 16:12 | Build | Mining Camp |
| 16:17 | Build | House |
| 16:18 | Build | House |
| 16:19 | Build | House |
| 16:25 | Build | House |
| 16:26 | Build | House |
| 16:30 | Create | Villager (Male) |
| 16:31 | Create | Scout Cavalry |
| 16:31 | Create | Scout Cavalry |
| 16:35 | Build | House |
| 16:35 | Build | House |
| 16:38 | Build | Palisade Wall |
| 16:39 | Create | Villager (Male) |
| 16:53 | Create | Scout Cavalry |
| 17:03 | Create | Scout Cavalry |
| 17:04 | Create | Scout Cavalry |
| 17:13 | Create | Villager (Male) |
| 17:21 | Build | Blacksmith |
| 17:28 | Create | Scout Cavalry |
| 17:33 | Build | Farm |
| 17:35 | Build | Farm |
| 17:38 | Build | Farm |
| 17:58 | Create | Villager (Male) |
| 18:00 | Create | Scout Cavalry |
| 18:23 | Create | Villager (Male) |
| 18:32 | Create | Villager (Male) |
| 18:53 | Create | Villager (Male) |
| 18:56 | Build | Farm |
| 18:58 | Create | Villager (Male) |
| 19:03 | Build | Farm |
| 19:08 | Research | Bloodlines |
| 19:09 | Research | Bloodlines |
| 19:20 | Research | Bloodlines |
| 19:21 | Create | Scout Cavalry |
| 19:21 | Create | Scout Cavalry |
| 19:21 | Create | Scout Cavalry |
| 19:24 | Build | Farm |
| 19:26 | Build | Farm |
| 19:29 | Build | Farm |
| 19:32 | Build | Farm |
| 19:37 | Create | Scout Cavalry |
| 19:37 | Create | Scout Cavalry |
Build order — DS_Regg
82 actions detected in the replay
| 0:01 | Create | Villager (Male) |
| 0:01 | Create | Villager (Male) |
| 0:01 | Create | Villager (Male) |
| 0:02 | Create | Villager (Male) |
| 0:03 | Build | House |
| 0:04 | Build | House |
| 1:26 | Create | Villager (Male) |
| 1:49 | Create | Villager (Male) |
| 1:49 | Create | Villager (Male) |
| 2:11 | Build | Lumber Camp |
| 2:20 | Create | Villager (Male) |
| 2:55 | Create | Villager (Male) |
| 3:06 | Build | House |
| 3:12 | Build | House |
| 3:26 | Create | Villager (Male) |
| 3:26 | Create | Villager (Male) |
| 3:46 | Research | Loom |
| 3:51 | Create | Villager (Male) |
| 3:57 | Create | Villager (Male) |
| 4:33 | Create | Villager (Male) |
| 4:55 | Create | Villager (Male) |
| 4:55 | Create | Villager (Male) |
| 5:00 | Build | Palisade Wall |
| 5:07 | Build | Palisade Wall |
| 5:14 | Create | Villager (Male) |
| 5:14 | Create | Villager (Male) |
| 5:33 | Create | Villager (Male) |
| 6:01 | Build | Mining Camp |
| 6:16 | Build | Mill |
| 6:49 | Build | Mining Camp |
| 6:50 | Create | Villager (Male) |
| 6:51 | Create | Villager (Male) |
| 7:12 | Research | Loom |
| 7:38 | Create | Villager (Male) |
| 7:58 | Research | Loom |
| 8:14 | Research | Feudal Age |
| 8:37 | Build | Palisade Wall |
| 8:38 | Build | Palisade Wall |
| 8:38 | Build | Palisade Wall |
| 8:56 | Build | Palisade Wall |
| 9:05 | Build | Palisade Wall |
| 9:11 | Build | Palisade Wall |
| 9:12 | Build | Palisade Wall |
| 9:13 | Build | Palisade Wall |
| 9:16 | Build | Palisade Wall |
| 9:31 | Build | Palisade Wall |
| 9:31 | Build | Palisade Wall |
| 10:35 | Age | Feudal Age |
| 10:38 | Build | Blacksmith |
| 10:40 | Build | Market |
| 11:37 | Research | Castle Age |
| 12:02 | Research | Double-Bit Axe |
| 12:03 | Research | Double-Bit Axe |
| 12:52 | Create | Villager (Male) |
| 14:17 | Age | Castle Age |
| 14:25 | Build | Castle |
| 14:35 | Build | Lumber Camp |
| 14:43 | Build | Mining Camp |
| 14:45 | Build | Farm |
| 15:09 | Create | Organ Gun |
| 15:36 | Create | Organ Gun |
| 15:46 | Create | Organ Gun |
| 15:57 | Create | Organ Gun |
| 15:58 | Create | Organ Gun |
| 16:14 | Create | Villager (Male) |
| 16:14 | Create | Villager (Male) |
| 16:40 | Create | Organ Gun |
| 16:59 | Create | Organ Gun |
| 17:13 | Create | Organ Gun |
| 17:43 | Create | Organ Gun |
| 17:47 | Create | Organ Gun |
| 17:47 | Create | Organ Gun |
| 17:52 | Build | Farm |
| 17:56 | Build | Farm |
| 18:01 | Build | Farm |
| 18:08 | Build | Farm |
| 18:11 | Create | Villager (Male) |
| 18:34 | Create | Organ Gun |
| 19:03 | Create | Organ Gun |
| 19:29 | Create | Organ Gun |
| 19:29 | Create | Organ Gun |
| 19:42 | Create | Organ Gun |
Build order — DS_RJP
109 actions detected in the replay
| 0:02 | Research | Loom |
| 0:03 | Build | House |
| 0:04 | Create | Villager (Male) |
| 0:05 | Build | House |
| 0:05 | Create | Villager (Male) |
| 0:05 | Create | Villager (Male) |
| 1:22 | Create | Villager (Male) |
| 1:41 | Create | Villager (Male) |
| 1:47 | Build | Lumber Camp |
| 2:17 | Create | Villager (Male) |
| 2:30 | Create | Villager (Male) |
| 3:07 | Create | Villager (Male) |
| 3:31 | Create | Villager (Male) |
| 3:49 | Create | Villager (Male) |
| 3:51 | Build | House |
| 3:52 | Build | House |
| 4:08 | Create | Villager (Male) |
| 4:20 | Create | Villager (Male) |
| 4:27 | Create | Villager (Male) |
| 4:51 | Create | Villager (Male) |
| 5:21 | Build | Mining Camp |
| 5:37 | Create | Villager (Male) |
| 6:30 | Research | Feudal Age |
| 7:41 | Build | Barracks |
| 8:27 | Build | House |
| 8:35 | Create | Villager (Male) |
| 8:40 | Age | Feudal Age |
| 8:43 | Build | Archery Range |
| 8:50 | Build | Archery Range |
| 8:55 | Create | Villager (Male) |
| 9:07 | Build | Palisade Wall |
| 9:25 | Create | Villager (Male) |
| 9:29 | Build | House |
| 9:40 | Create | Archer |
| 9:50 | Create | Archer |
| 9:51 | Create | Villager (Male) |
| 9:54 | Build | Blacksmith |
| 10:12 | Create | Archer |
| 10:12 | Create | Archer |
| 10:16 | Create | Villager (Male) |
| 10:22 | Build | House |
| 10:36 | Create | Archer |
| 10:37 | Create | Villager (Male) |
| 10:54 | Build | Palisade Wall |
| 11:01 | Build | Palisade Wall |
| 11:09 | Create | Archer |
| 11:10 | Create | Villager (Male) |
| 11:12 | Create | Villager (Male) |
| 11:34 | Create | Archer |
| 11:36 | Create | Villager (Male) |
| 11:59 | Create | Archer |
| 12:02 | Create | Villager (Male) |
| 12:04 | Build | Blacksmith |
| 12:22 | Create | Archer |
| 12:47 | Research | Fletching |
| 12:49 | Create | Villager (Male) |
| 12:52 | Build | House |
| 12:57 | Create | Archer |
| 13:02 | Build | House |
| 13:06 | Build | Palisade Wall |
| 13:07 | Create | Villager (Male) |
| 13:23 | Build | Palisade Wall |
| 13:25 | Create | Archer |
| 13:39 | Create | Archer |
| 13:40 | Create | Villager (Male) |
| 13:45 | Build | Mill |
| 13:47 | Create | Archer |
| 13:50 | Create | Villager (Male) |
| 13:53 | Build | Palisade Wall |
| 13:56 | Create | Archer |
| 14:18 | Create | Archer |
| 14:19 | Create | Archer |
| 14:35 | Build | House |
| 14:44 | Create | Archer |
| 14:45 | Create | Archer |
| 15:07 | Create | Archer |
| 15:08 | Create | Villager (Male) |
| 15:16 | Build | House |
| 15:17 | Create | Villager (Male) |
| 15:20 | Build | House |
| 15:43 | Create | Villager (Male) |
| 15:45 | Build | House |
| 15:47 | Build | Palisade Wall |
| 16:04 | Create | Archer |
| 16:28 | Create | Villager (Male) |
| 16:28 | Create | Villager (Male) |
| 16:40 | Build | Market |
| 16:46 | Create | Archer |
| 16:54 | Create | Archer |
| 16:56 | Create | Archer |
| 16:59 | Create | Archer |
| 17:48 | Create | Archer |
| 17:49 | Create | Villager (Male) |
| 17:49 | Create | Villager (Male) |
| 17:52 | Build | Archery Range |
| 18:01 | Create | Archer |
| 18:01 | Create | Archer |
| 18:55 | Create | Archer |
| 18:55 | Create | Archer |
| 18:56 | Create | Archer |
| 19:23 | Build | House |
| 19:23 | Create | Archer |
| 19:23 | Create | Archer |
| 19:24 | Create | Villager (Male) |
| 19:33 | Create | Archer |
| 19:34 | Create | Villager (Male) |
| 19:36 | Build | House |
| 19:59 | Research | Castle Age |
| 20:00 | Research | Castle Age |
Build order — MAXIMO MERIDIO
131 actions detected in the replay
| 0:00 | Create | Villager (Male) |
| 0:01 | Create | Villager (Male) |
| 0:01 | Create | Villager (Male) |
| 0:02 | Build | House |
| 0:04 | Build | House |
| 0:09 | Create | Villager (Male) |
| 1:18 | Create | Villager (Male) |
| 1:47 | Create | Villager (Male) |
| 2:14 | Build | Lumber Camp |
| 2:14 | Create | Villager (Male) |
| 2:56 | Create | Villager (Male) |
| 2:56 | Create | Villager (Male) |
| 3:41 | Create | Villager (Male) |
| 3:41 | Create | Villager (Male) |
| 3:57 | Build | House |
| 4:01 | Create | Villager (Male) |
| 4:28 | Create | Villager (Male) |
| 4:32 | Build | House |
| 5:04 | Build | Mining Camp |
| 5:11 | Create | Villager (Male) |
| 5:11 | Create | Villager (Male) |
| 5:39 | Create | Villager (Male) |
| 6:03 | Create | Villager (Male) |
| 6:23 | Research | Loom |
| 7:08 | Research | Feudal Age |
| 7:38 | Build | Barracks |
| 8:37 | Create | Villager (Male) |
| 8:46 | Build | House |
| 9:18 | Age | Feudal Age |
| 9:21 | Build | Archery Range |
| 9:27 | Build | Archery Range |
| 9:32 | Create | Villager (Male) |
| 9:53 | Build | Mill |
| 9:58 | Create | Villager (Male) |
| 10:16 | Create | Archer |
| 10:16 | Create | Archer |
| 10:19 | Create | Archer |
| 10:23 | Create | Archer |
| 10:23 | Create | Archer |
| 10:30 | Build | Blacksmith |
| 10:43 | Create | Villager (Male) |
| 10:43 | Create | Villager (Male) |
| 10:48 | Build | Farm |
| 10:49 | Build | Farm |
| 10:53 | Create | Archer |
| 11:05 | Build | House |
| 11:10 | Research | Fletching |
| 11:11 | Create | Archer |
| 11:12 | Create | Archer |
| 11:29 | Create | Archer |
| 11:29 | Create | Archer |
| 11:38 | Build | House |
| 11:52 | Create | Archer |
| 11:52 | Create | Archer |
| 12:01 | Create | Villager (Male) |
| 12:01 | Create | Villager (Male) |
| 12:04 | Build | Farm |
| 12:38 | Create | Archer |
| 12:39 | Create | Archer |
| 12:48 | Create | Archer |
| 12:48 | Create | Archer |
| 12:51 | Build | House |
| 12:54 | Create | Villager (Male) |
| 12:54 | Create | Villager (Male) |
| 12:57 | Build | Farm |
| 12:58 | Build | Farm |
| 13:06 | Create | Archer |
| 13:17 | Create | Archer |
| 13:17 | Create | Archer |
| 13:23 | Build | Palisade Wall |
| 13:27 | Create | Villager (Male) |
| 13:38 | Create | Archer |
| 13:39 | Create | Archer |
| 13:54 | Create | Villager (Male) |
| 13:56 | Build | Farm |
| 13:58 | Create | Villager (Male) |
| 14:02 | Build | House |
| 14:05 | Build | Palisade Wall |
| 14:11 | Create | Archer |
| 14:12 | Create | Archer |
| 14:16 | Build | Farm |
| 14:32 | Build | Palisade Gate |
| 14:34 | Create | Archer |
| 14:36 | Create | Villager (Male) |
| 14:36 | Create | Villager (Male) |
| 14:43 | Build | Farm |
| 15:14 | Create | Archer |
| 15:14 | Create | Archer |
| 15:14 | Create | Archer |
| 15:17 | Create | Villager (Male) |
| 15:18 | Build | Farm |
| 15:18 | Build | Farm |
| 15:19 | Build | Farm |
| 15:19 | Build | Farm |
| 15:40 | Create | Archer |
| 15:41 | Create | Archer |
| 15:49 | Create | Archer |
| 15:50 | Create | Archer |
| 15:58 | Build | Farm |
| 15:58 | Build | Farm |
| 15:59 | Build | Farm |
| 16:14 | Create | Archer |
| 16:15 | Create | Villager (Male) |
| 16:26 | Create | Villager (Male) |
| 16:26 | Create | Villager (Male) |
| 16:32 | Create | Villager (Male) |
| 16:34 | Build | Farm |
| 16:36 | Create | Villager (Male) |
| 16:38 | Build | Farm |
| 16:42 | Create | Skirmisher |
| 16:42 | Create | Archer |
| 16:55 | Create | Archer |
| 16:56 | Create | Archer |
| 17:38 | Create | Villager (Male) |
| 17:40 | Create | Villager (Male) |
| 17:43 | Create | Villager (Male) |
| 17:53 | Create | Villager (Male) |
| 17:53 | Create | Villager (Male) |
| 17:55 | Build | Farm |
| 17:55 | Build | Farm |
| 17:56 | Build | Farm |
| 17:56 | Build | Farm |
| 17:56 | Build | Farm |
| 17:57 | Create | Villager (Male) |
| 18:41 | Create | Villager (Male) |
| 18:42 | Create | Villager (Male) |
| 18:44 | Build | Archery Range |
| 18:53 | Create | Villager (Male) |
| 18:54 | Build | Farm |
| 19:45 | Research | Castle Age |
| 19:48 | Create | Archer |
Build order — DS_TheHeartless
125 actions detected in the replay
| 0:02 | Create | Villager (Male) |
| 0:02 | Build | House |
| 0:04 | Build | House |
| 0:08 | Create | Villager (Male) |
| 0:12 | Create | Villager (Male) |
| 0:12 | Create | Villager (Male) |
| 1:28 | Create | Villager (Male) |
| 1:55 | Build | Lumber Camp |
| 2:00 | Create | Villager (Male) |
| 2:21 | Create | Villager (Male) |
| 2:21 | Create | Villager (Male) |
| 2:47 | Create | Villager (Male) |
| 3:06 | Create | Villager (Male) |
| 3:39 | Create | Villager (Male) |
| 3:52 | Build | House |
| 3:57 | Create | Villager (Male) |
| 4:28 | Build | Mill |
| 4:32 | Create | Villager (Male) |
| 4:36 | Create | Villager (Male) |
| 4:41 | Create | Villager (Male) |
| 4:49 | Create | Villager (Male) |
| 5:13 | Create | Villager (Male) |
| 6:18 | Research | Feudal Age |
| 7:22 | Build | Barracks |
| 7:31 | Research | Loom |
| 7:32 | Create | Villager (Male) |
| 7:52 | Build | House |
| 7:59 | Build | House |
| 8:28 | Age | Feudal Age |
| 8:31 | Build | Stable |
| 8:40 | Research | Double-Bit Axe |
| 8:40 | Research | Double-Bit Axe |
| 8:42 | Create | Villager (Male) |
| 8:59 | Build | House |
| 9:15 | Create | Scout Cavalry |
| 9:18 | Research | Horse Collar |
| 9:18 | Research | Horse Collar |
| 9:36 | Create | Scout Cavalry |
| 9:37 | Create | Villager (Male) |
| 9:39 | Build | House |
| 9:41 | Build | Palisade Wall |
| 9:43 | Build | Palisade Wall |
| 9:44 | Build | Palisade Wall |
| 9:56 | Build | Farm |
| 10:00 | Create | Villager (Male) |
| 10:05 | Build | Farm |
| 10:11 | Create | Villager (Male) |
| 10:14 | Create | Scout Cavalry |
| 10:24 | Build | Farm |
| 10:28 | Create | Villager (Male) |
| 10:37 | Build | Farm |
| 10:43 | Create | Scout Cavalry |
| 11:05 | Create | Villager (Male) |
| 11:17 | Create | Villager (Male) |
| 11:19 | Build | Farm |
| 11:38 | Create | Scout Cavalry |
| 11:47 | Build | Farm |
| 11:49 | Build | Farm |
| 11:52 | Build | House |
| 11:57 | Create | Villager (Male) |
| 11:59 | Build | Farm |
| 12:04 | Create | Scout Cavalry |
| 12:16 | Create | Villager (Male) |
| 12:30 | Create | Villager (Male) |
| 12:32 | Build | Farm |
| 12:43 | Create | Scout Cavalry |
| 12:45 | Build | House |
| 12:47 | Build | Palisade Wall |
| 12:54 | Create | Villager (Male) |
| 12:58 | Build | Palisade Wall |
| 12:59 | Build | Palisade Wall |
| 13:04 | Build | Farm |
| 13:06 | Create | Villager (Male) |
| 13:07 | Build | Farm |
| 13:14 | Build | Farm |
| 13:15 | Create | Scout Cavalry |
| 13:23 | Create | Villager (Male) |
| 13:27 | Build | House |
| 13:28 | Build | Palisade Wall |
| 13:44 | Create | Scout Cavalry |
| 13:45 | Build | Farm |
| 13:48 | Create | Villager (Male) |
| 14:15 | Create | Villager (Male) |
| 14:20 | Create | Scout Cavalry |
| 14:24 | Create | Villager (Male) |
| 14:32 | Create | Villager (Male) |
| 14:34 | Build | Blacksmith |
| 14:38 | Create | Scout Cavalry |
| 14:49 | Build | Palisade Wall |
| 14:49 | Build | Palisade Wall |
| 14:52 | Build | Palisade Wall |
| 14:55 | Build | House |
| 14:56 | Build | House |
| 14:57 | Create | Villager (Male) |
| 15:05 | Create | Scout Cavalry |
| 15:16 | Create | Scout Cavalry |
| 15:22 | Research | Scale Barding Armor |
| 15:22 | Research | Scale Barding Armor |
| 15:36 | Create | Scout Cavalry |
| 15:47 | Build | Farm |
| 15:55 | Build | House |
| 15:57 | Build | Farm |
| 16:06 | Create | Scout Cavalry |
| 16:12 | Build | Mining Camp |
| 16:20 | Create | Villager (Male) |
| 16:53 | Create | Villager (Male) |
| 17:04 | Build | Farm |
| 17:06 | Build | Farm |
| 17:07 | Create | Villager (Male) |
| 17:15 | Research | Wheelbarrow |
| 17:16 | Create | Scout Cavalry |
| 17:17 | Create | Villager (Male) |
| 17:27 | Build | Farm |
| 17:29 | Build | Farm |
| 17:29 | Build | Farm |
| 17:35 | Create | Scout Cavalry |
| 18:21 | Create | Scout Cavalry |
| 18:26 | Research | Bloodlines |
| 18:45 | Create | Villager (Male) |
| 18:53 | Build | Lumber Camp |
| 18:54 | Build | Lumber Camp |
| 19:14 | Create | Villager (Male) |
| 19:37 | Create | Villager (Male) |
| 19:39 | Build | House |
| 20:02 | Research | Castle Age |
Build order — llllllllllllllll
109 actions detected in the replay
| 0:03 | Create | Villager (Male) |
| 0:04 | Build | House |
| 0:06 | Build | House |
| 0:09 | Create | Villager (Male) |
| 0:16 | Create | Villager (Male) |
| 0:27 | Create | Villager (Male) |
| 1:36 | Create | Villager (Male) |
| 2:07 | Create | Villager (Male) |
| 2:16 | Build | Lumber Camp |
| 2:19 | Create | Villager (Male) |
| 2:49 | Create | Villager (Male) |
| 3:26 | Create | Villager (Male) |
| 3:26 | Create | Villager (Male) |
| 3:26 | Create | Villager (Male) |
| 3:56 | Build | House |
| 4:01 | Create | Villager (Male) |
| 4:11 | Create | Villager (Male) |
| 4:22 | Create | Villager (Male) |
| 4:49 | Build | Mill |
| 5:29 | Create | Villager (Male) |
| 5:42 | Create | Villager (Male) |
| 6:19 | Create | Villager (Male) |
| 6:42 | Build | House |
| 6:45 | Research | Loom |
| 7:21 | Research | Feudal Age |
| 7:54 | Build | Mill |
| 9:04 | Create | Villager (Male) |
| 9:31 | Age | Feudal Age |
| 9:35 | Build | Stable |
| 9:42 | Research | Double-Bit Axe |
| 9:43 | Create | Villager (Male) |
| 10:08 | Create | Villager (Male) |
| 10:14 | Build | House |
| 10:24 | Create | Scout Cavalry |
| 10:25 | Create | Scout Cavalry |
| 10:40 | Create | Villager (Male) |
| 10:44 | Research | Horse Collar |
| 10:51 | Build | House |
| 11:10 | Build | House |
| 11:12 | Create | Villager (Male) |
| 11:13 | Create | Scout Cavalry |
| 11:27 | Build | Palisade Wall |
| 11:30 | Create | Villager (Male) |
| 11:52 | Build | House |
| 11:54 | Create | Scout Cavalry |
| 11:55 | Create | Villager (Male) |
| 12:19 | Create | Villager (Male) |
| 12:19 | Create | Scout Cavalry |
| 12:23 | Build | Farm |
| 12:24 | Build | Farm |
| 12:26 | Create | Villager (Male) |
| 12:37 | Create | Scout Cavalry |
| 12:54 | Build | House |
| 12:57 | Build | Farm |
| 12:59 | Build | Farm |
| 13:00 | Create | Scout Cavalry |
| 13:01 | Create | Villager (Male) |
| 13:08 | Build | House |
| 13:17 | Build | Farm |
| 13:22 | Build | Palisade Wall |
| 13:45 | Build | Farm |
| 13:46 | Build | Farm |
| 13:48 | Build | House |
| 13:49 | Create | Scout Cavalry |
| 13:49 | Create | Villager (Male) |
| 14:17 | Create | Villager (Male) |
| 14:28 | Build | Blacksmith |
| 14:36 | Create | Villager (Male) |
| 14:42 | Create | Scout Cavalry |
| 15:07 | Build | House |
| 15:08 | Build | Mining Camp |
| 15:09 | Create | Scout Cavalry |
| 15:10 | Create | Villager (Male) |
| 15:25 | Build | Farm |
| 15:30 | Build | Farm |
| 15:31 | Create | Villager (Male) |
| 15:33 | Create | Villager (Male) |
| 15:49 | Build | Farm |
| 15:50 | Create | Villager (Male) |
| 15:55 | Build | Farm |
| 16:01 | Create | Scout Cavalry |
| 16:05 | Create | Villager (Male) |
| 16:14 | Build | Farm |
| 16:20 | Research | Scale Barding Armor |
| 16:24 | Build | House |
| 16:58 | Research | Bloodlines |
| 16:59 | Create | Villager (Male) |
| 17:14 | Build | Farm |
| 17:14 | Build | Farm |
| 17:37 | Create | Villager (Male) |
| 17:40 | Build | Farm |
| 17:51 | Research | Forging |
| 17:51 | Create | Scout Cavalry |
| 17:52 | Create | Villager (Male) |
| 17:54 | Create | Villager (Male) |
| 18:06 | Build | Farm |
| 18:08 | Build | Farm |
| 18:09 | Build | Farm |
| 18:11 | Build | House |
| 18:13 | Create | Villager (Male) |
| 18:21 | Create | Scout Cavalry |
| 18:27 | Build | Farm |
| 18:29 | Build | Farm |
| 18:39 | Build | Farm |
| 18:53 | Build | House |
| 18:54 | Create | Villager (Male) |
| 18:58 | Create | Scout Cavalry |
| 19:00 | Create | Villager (Male) |
| 19:45 | Create | Scout Cavalry |
Build order — DS_Erick307
130 actions detected in the replay
| 0:02 | Create | Villager (Male) |
| 0:02 | Create | Villager (Male) |
| 0:02 | Create | Villager (Male) |
| 0:03 | Build | House |
| 0:05 | Build | House |
| 0:07 | Create | Villager (Male) |
| 0:12 | Create | Villager (Male) |
| 0:12 | Create | Villager (Male) |
| 1:14 | Create | Villager (Male) |
| 2:18 | Build | Lumber Camp |
| 2:35 | Create | Villager (Male) |
| 2:44 | Create | Villager (Male) |
| 3:02 | Create | Villager (Male) |
| 3:02 | Create | Villager (Male) |
| 3:22 | Create | Villager (Male) |
| 3:43 | Create | Villager (Male) |
| 3:51 | Build | House |
| 4:24 | Create | Villager (Male) |
| 4:55 | Build | Mill |
| 5:11 | Create | Villager (Male) |
| 5:48 | Create | Villager (Male) |
| 6:12 | Research | Feudal Age |
| 7:04 | Research | Loom |
| 7:05 | Create | Villager (Male) |
| 7:44 | Build | Barracks |
| 7:53 | Build | House |
| 8:27 | Age | Feudal Age |
| 8:41 | Build | Stable |
| 8:48 | Create | Villager (Male) |
| 9:02 | Research | Double-Bit Axe |
| 9:22 | Create | Scout Cavalry |
| 9:23 | Create | Scout Cavalry |
| 9:27 | Build | House |
| 9:31 | Build | Palisade Gate |
| 9:33 | Build | Farm |
| 9:37 | Create | Villager (Male) |
| 9:39 | Create | Villager (Male) |
| 9:43 | Build | House |
| 9:50 | Build | House |
| 9:52 | Create | Villager (Male) |
| 9:54 | Build | Farm |
| 10:04 | Create | Scout Cavalry |
| 10:05 | Create | Villager (Male) |
| 10:12 | Build | Farm |
| 10:16 | Create | Scout Cavalry |
| 10:42 | Create | Scout Cavalry |
| 10:43 | Build | Farm |
| 10:55 | Build | Farm |
| 11:05 | Create | Villager (Male) |
| 11:18 | Build | House |
| 11:22 | Create | Villager (Male) |
| 11:25 | Build | Farm |
| 11:29 | Build | House |
| 11:33 | Create | Scout Cavalry |
| 11:48 | Create | Villager (Male) |
| 11:56 | Build | Farm |
| 12:03 | Create | Villager (Male) |
| 12:21 | Build | Farm |
| 12:26 | Build | Palisade Wall |
| 12:27 | Build | Palisade Wall |
| 12:30 | Create | Scout Cavalry |
| 12:50 | Create | Scout Cavalry |
| 12:53 | Build | Blacksmith |
| 12:56 | Build | Farm |
| 12:58 | Create | Villager (Male) |
| 13:07 | Create | Villager (Male) |
| 13:15 | Create | Scout Cavalry |
| 13:21 | Build | House |
| 13:24 | Build | Farm |
| 13:26 | Create | Scout Cavalry |
| 13:31 | Create | Villager (Male) |
| 13:50 | Create | Villager (Male) |
| 13:53 | Research | Scale Barding Armor |
| 14:09 | Create | Villager (Male) |
| 14:12 | Build | House |
| 14:24 | Create | Scout Cavalry |
| 14:30 | Build | Stable |
| 14:38 | Create | Scout Cavalry |
| 14:39 | Create | Villager (Male) |
| 15:02 | Create | Scout Cavalry |
| 15:03 | Create | Villager (Male) |
| 15:21 | Build | Farm |
| 15:23 | Build | Lumber Camp |
| 15:25 | Create | Scout Cavalry |
| 15:31 | Build | Farm |
| 15:37 | Create | Scout Cavalry |
| 15:41 | Build | Farm |
| 15:42 | Build | Farm |
| 15:45 | Build | House |
| 15:54 | Create | Scout Cavalry |
| 15:58 | Create | Villager (Male) |
| 16:01 | Build | Farm |
| 16:16 | Create | Scout Cavalry |
| 16:28 | Create | Villager (Male) |
| 16:36 | Build | Farm |
| 16:36 | Build | Farm |
| 16:36 | Build | Farm |
| 16:36 | Build | Farm |
| 16:37 | Build | Farm |
| 16:37 | Build | Farm |
| 16:40 | Build | Palisade Wall |
| 16:44 | Create | Scout Cavalry |
| 16:51 | Create | Villager (Male) |
| 16:56 | Build | Farm |
| 16:59 | Build | Palisade Wall |
| 17:05 | Build | House |
| 17:16 | Create | Scout Cavalry |
| 17:23 | Build | Palisade Wall |
| 17:24 | Create | Villager (Male) |
| 17:27 | Build | Farm |
| 17:43 | Create | Scout Cavalry |
| 17:51 | Create | Villager (Male) |
| 17:55 | Build | Farm |
| 17:58 | Build | Palisade Wall |
| 17:59 | Build | Palisade Wall |
| 18:00 | Create | Scout Cavalry |
| 18:07 | Create | Villager (Male) |
| 18:26 | Create | Scout Cavalry |
| 18:35 | Create | Scout Cavalry |
| 18:47 | Create | Scout Cavalry |
| 18:49 | Create | Villager (Male) |
| 19:14 | Build | Mining Camp |
| 19:14 | Create | Villager (Male) |
| 19:23 | Create | Scout Cavalry |
| 19:24 | Create | Scout Cavalry |
| 19:29 | Build | Farm |
| 19:32 | Build | Farm |
| 19:34 | Create | Villager (Male) |
| 19:45 | Create | Villager (Male) |
| 19:50 | Create | Scout Cavalry |
Match timeline
| 5:00 | DS_Regg · wall_segment Palisade Wall x1 |
| 5:07 | DS_Regg · wall_segment Palisade Wall x6 |
| 5:11 | FrNkyboy · wall_segment Palisade Wall x4 |
| 6:15 | FrNkyboy · wall_segment Palisade Wall x2 |
| 6:45 | FrNkyboy · wall_segment Palisade Wall x3 |
| 7:22 | DS_TheHeartless · first_building Barracks |
| 7:22 | FrNkyboy · first_building Barracks |
| 7:38 | MAXIMO MERIDIO · first_building Barracks |
| 7:41 | DS_RJP · first_building Barracks |
| 7:44 | DS_Erick307 · first_building Barracks |
| 7:48 | eloysuarez93 · first_building Barracks |
| 8:27 | DS_Erick307 · age_up feudal |
| 8:28 | DS_TheHeartless · age_up feudal |
| 8:31 | DS_TheHeartless · first_building Stable |
| 8:32 | FrNkyboy · wall_segment Palisade Wall x5 |
| 8:37 | DS_Regg · wall_segment Palisade Wall x1 |
| 8:38 | DS_Regg · wall_segment Palisade Wall x1 |
| 8:38 | DS_Regg · wall_segment Palisade Wall x2 |
| 8:40 | DS_RJP · age_up feudal |
| 8:41 | DS_Erick307 · first_building Stable |
| 8:43 | DS_RJP · first_building Archery Range |
| 8:56 | DS_Regg · wall_segment Palisade Wall x1 |
| 8:58 | eloysuarez93 · age_up feudal |
| 9:01 | FrNkyboy · wall_segment Palisade Wall x3 |
| 9:03 | FrNkyboy · wall_segment Palisade Wall x1 |
| 9:04 | FrNkyboy · wall_segment Palisade Wall x1 |
| 9:04 | eloysuarez93 · first_building Stable |
| 9:05 | DS_Regg · wall_segment Palisade Wall x1 |
| 9:07 | DS_RJP · wall_segment Palisade Wall x3 |
| 9:11 | DS_Regg · wall_segment Palisade Wall x1 |
| 9:12 | DS_Regg · wall_segment Palisade Wall x1 |
| 9:13 | DS_Regg · wall_segment Palisade Wall x1 |
| 9:16 | DS_Regg · wall_segment Palisade Wall x2 |
| 9:18 | MAXIMO MERIDIO · age_up feudal |
| 9:21 | MAXIMO MERIDIO · first_building Archery Range |
| 9:21 | FrNkyboy · age_up feudal |
| 9:25 | FrNkyboy · first_building Archery Range |
| 9:31 | llllllllllllllll · age_up feudal |
| 9:31 | DS_Regg · wall_segment Palisade Wall x1 |
| 9:31 | DS_Regg · wall_segment Palisade Wall x1 |
| 9:35 | llllllllllllllll · first_building Stable |
| 9:41 | DS_TheHeartless · wall_segment Palisade Wall x3 |
| 9:43 | DS_TheHeartless · wall_segment Palisade Wall x2 |
| 9:44 | DS_TheHeartless · wall_segment Palisade Wall x5 |
| 9:47 | FrNkyboy · wall_segment Palisade Wall x1 |
| 10:04 | FrNkyboy · wall_segment Palisade Wall x1 |
| 10:35 | DS_Regg · age_up feudal |
| 10:54 | DS_RJP · wall_segment Palisade Wall x8 |
| 11:01 | DS_RJP · wall_segment Palisade Wall x11 |
| 11:16 | FrNkyboy · wall_segment Palisade Wall x7 |
| 11:27 | llllllllllllllll · wall_segment Palisade Wall x11 |
| 11:29 | DS_Regg · first_market_sell 100 stone |
| 12:26 | DS_Erick307 · wall_segment Palisade Wall x1 |
| 12:27 | DS_Erick307 · wall_segment Palisade Wall x1 |
| 12:47 | DS_TheHeartless · wall_segment Palisade Wall x11 |
| 12:58 | DS_TheHeartless · wall_segment Palisade Wall x1 |
| 12:59 | DS_TheHeartless · wall_segment Palisade Wall x8 |
| 13:06 | DS_RJP · wall_segment Palisade Wall x4 |
| 13:22 | llllllllllllllll · wall_segment Palisade Wall x9 |
| 13:23 | DS_RJP · wall_segment Palisade Wall x1 |
| 13:23 | MAXIMO MERIDIO · wall_segment Palisade Wall x8 |
| 13:28 | DS_TheHeartless · wall_segment Palisade Wall x10 |
| 13:33 | eloysuarez93 · wall_segment Palisade Wall x1 |
| 13:53 | DS_RJP · wall_segment Palisade Wall x7 |
| 13:54 | FrNkyboy · wall_segment Palisade Wall x10 |
| 13:56 | FrNkyboy · wall_segment Palisade Wall x5 |
| 14:05 | MAXIMO MERIDIO · wall_segment Palisade Wall x6 |
| 14:17 | DS_Regg · age_up castle |
| 14:25 | DS_Regg · first_building Castle |
| 14:49 | DS_TheHeartless · wall_segment Palisade Wall x1 |
| 14:49 | DS_TheHeartless · wall_segment Palisade Wall x1 |
| 14:52 | DS_TheHeartless · wall_segment Palisade Wall x12 |
| 15:47 | DS_RJP · wall_segment Palisade Wall x9 |
| 16:38 | eloysuarez93 · wall_segment Palisade Wall x8 |
| 16:40 | DS_Erick307 · wall_segment Palisade Wall x13 |
| 16:59 | DS_Erick307 · wall_segment Palisade Wall x8 |
| 17:23 | DS_Erick307 · wall_segment Palisade Wall x8 |
| 17:58 | FrNkyboy · wall_segment Palisade Wall x2 |
| 17:58 | DS_Erick307 · wall_segment Palisade Wall x1 |
| 17:59 | DS_Erick307 · wall_segment Palisade Wall x1 |
| 19:14 | DS_RJP · first_market_buy 100 food |
| 19:16 | DS_RJP · first_market_sell 100 stone |
| 19:51 | eloysuarez93 · resign |
[ AI ANALYSIS · 1 CREDIT ]
What really happened in this match?
Wolo.gg analyzes every decision: build order, eco, micro, common mistakes by bracket. Personalized analysis on WhatsApp or Discord in 30 seconds.
Civ guide
Ethiopians
Perfil
Jugador #411996